Map: Oxide LE

Players

JRemedy

  • Race: Protoss Protoss
  • League: Platinum
  • Spawn Location: 7:00

ViBE - Winner!

  • Race: Zerg Zerg
  • League: Platinum
  • Spawn Location: 1:00

VOD

Have the link to the VOD?

Description

Time

  • Played on: March 26, 2021, 11:01 p.m.
  • Length: 11:17
Show
View Real Time Build Order
Export as new Build Order

JRemedy Protoss 

Build Orders: 1 Gate Expand, Zealot Archon 

Get SALT Encoding   

  12  0:00  Probe  
  13  0:12  Probe  
  14  0:18  Pylon  
  14  0:24  Probe  
  15  0:46  Gateway  
  15  0:48  Probe (Chrono Boost)  
  16  0:54  Pylon  
  17  0:58  Probe (Chrono Boost)  
  17  1:03  Probe (Chrono Boost)  
  18  1:15  Probe  
  19  1:27  Probe  
  20  1:33  Nexus  
  20  1:39  Probe  
  21  1:43  Assimilator  
  21  1:51  Probe  
  22  1:58  Cybernetics Core  
  22  2:02  Gateway  
  22  2:16  Pylon  
  22  2:22  Assimilator  
  22  2:28  Pylon  
  22  2:32  Zealot (Chrono Boost)  
  24  2:42  Probe  
  25  2:51  Forge  
  25  2:55  Probe  
  25  2:56  Pylon  
  26  3:03  Stalker  
  26  3:04  Stalker  
  30  3:06  Probe (Chrono Boost)  
  32  3:12  Probe (Chrono Boost)  
  32  3:16  Probe (Chrono Boost)  
  34  3:20  Probe (Chrono Boost)  
  34  3:21  Probe (Chrono Boost)  
  35  3:31  Probe  
  35  3:32  Probe  
  36  3:43  Probe  
  36  3:44  Probe  
  38  3:53  Nexus  
  38  3:59  Pylon  
  38  4:04  Probe x2  
  40  4:10  Assimilator  
  40  4:14  Protoss Ground Weapons Level 1 (Chrono Boost)  
  40  4:16  Probe x2  
  42  4:24  Gateway  
  42  4:28  Probe x2  
  44  4:31  Gateway  
  44  4:32  Pylon  
  44  4:39  Photon Cannon  
  44  4:45  Photon Cannon  
  44  4:50  Assimilator  
  44  4:53  Probe x2  
  46  5:05  Probe x2  
  46  5:06  Photon Cannon  
  48  5:13  Pylon  
  48  5:15  Probe  
  48  5:17  Probe x2  
  51  5:23  Twilight Council  
  51  5:27  Probe  
  52  5:29  Probe x2  
  52  5:32  Photon Cannon  
  54  5:38  Photon Cannon  
  54  5:39  Probe  
  54  5:41  Probe x2  
  57  5:51  Probe  
  57  5:53  Probe x2  
  57  5:54  Warp Gate (Chrono Boost)  
  60  5:57  Assimilator  
  60  6:02  Photon Cannon, Charge  
  60  6:05  Photon Cannon, Pylon  
  60  6:10  Protoss Shields Level 1 (Chrono Boost)  
  60  6:11  Templar Archives  
  60  6:13  Pylon  
  60  6:16  Gateway x2  
  60  6:24  Gateway x2  
  60  6:32  Probe x3  
  63  6:35  Assimilator  
  63  6:42  Shield Battery  
  63  6:44  Probe x2  
  63  6:46  Probe  
  66  6:48  Shield Battery  
  66  6:50  Shield Battery  
  66  6:56  Probe x2  
  66  6:58  Probe  
  70  7:08  Probe x2  
  70  7:11  Probe  
  70  7:13  Forge  
  70  7:15  Pylon  
  72  7:18  Photon Cannon  
  72  7:41  High Templar x5  
  72  7:42  High Templar x3  
  88  7:46  Archon  
  88  7:47  Archon x3  
  88  8:07  Robotics Facility  
  88  8:10  Protoss Ground Armor Level 1 (Chrono Boost)  
  88  8:12  Protoss Ground Weapons Level 2 (Chrono Boost)  
  88  8:17  Zealot  
  88  8:18  Zealot x7  
  104  8:26  Nexus  
  104  8:28  Pylon  
  104  8:29  Pylon  
  104  8:31  Gateway  
  104  8:33  Gateway, Pylon  
  104  8:36  Gateway  
  104  8:37  Pylon  
  104  8:39  Assimilator  
  104  8:40  Gateway, Pylon  
  104  8:43  Assimilator  
  104  8:44  Pylon  
  104  8:47  Photon Cannon  
  104  8:51  Photon Cannon x2  
  104  8:54  Photon Cannon  
  104  8:56  Photon Cannon  
  104  9:00  Observer (Chrono Boost), Photon Cannon  
  105  9:08  Probe x3, Photon Cannon  
  108  9:10  Photon Cannon  
  108  9:13  Observer (Chrono Boost)  
  109  9:17  Photon Cannon  
  109  9:19  Photon Cannon  
  109  9:23  Shield Battery  
  109  9:26  Shield Battery  
  109  9:30  Shield Battery  
  109  9:34  Pylon  
  93  9:43  Zealot x4  
  93  9:44  Zealot x5  
  93  9:45  Zealot x2  
  53  10:08  Zealot x4  
  53  10:09  Zealot x6  
  50  10:31  High Templar x2  
  50  10:32  High Templar x2  
  50  10:33  High Templar x5  
  68  10:37  Archon x4  
Show
View Real Time Build Order
Export as new Build Order

ViBE Zerg - Winner!

Build Orders: Hatch First, Roach Hydra 

Get SALT Encoding   

  12  0:00  Drone  
  13  0:13  Overlord  
  13  0:17  Drone  
  14  0:33  Drone x2  
  16  0:50  Hatchery  
  16  0:55  Drone  
  16  0:58  Drone  
  16  0:59  Drone  
  18  1:12  Spawning Pool  
  18  1:16  Drone  
  18  1:21  Drone  
  19  1:29  Drone  
  19  1:32  Extractor  
  19  1:44  Drone  
  20  1:59  Queen  
  22  2:02  Queen  
  22  2:03  Overlord  
  22  2:04  Drone x2  
  26  2:14  Drone x2  
  28  2:27  Overlord  
  28  2:29  Drone  
  29  2:34  Overlord  
  29  2:36  Drone  
  30  2:37  Lair  
  30  2:38  Queen  
  32  2:46  Drone  
  32  2:47  Drone  
  34  3:01  Drone  
  34  3:02  Drone  
  36  3:10  Drone x8  
  44  3:17  Roach Warren  
  44  3:18  Evolution Chamber  
  42  3:21  Drone  
  42  3:22  Drone  
  44  3:29  Extractor  
  44  3:31  Extractor  
  44  3:33  Overlord  
  42  3:38  Drone  
  43  3:44  Drone x8  
  51  3:56  Glial Reconstitution  
  51  3:58  Zerg Missile Weapons Level 1  
  51  3:59  Hatchery  
  50  4:03  Overlord  
  50  4:09  Roach x2  
  54  4:10  Roach  
  54  4:13  Roach  
  54  4:16  Roach  
  60  4:19  Overlord  
  60  4:23  Roach x2  
  64  4:30  Overlord x2  
  64  4:38  Drone x2  
  65  4:41  Queen  
  68  4:49  Drone, Hydralisk Den  
  68  4:50  Drone x4  
  72  4:53  Evolution Chamber  
  72  4:59  Drone x4  
  75  5:12  Drone x3  
  79  5:21  Drone x2  
  79  5:25  Drone  
  81  5:29  Extractor  
  81  5:30  Drone x6  
  81  5:33  Extractor  
  81  5:34  Drone x3, Extractor  
  87  5:37  Grooved Spines  
  87  5:38  Zerg Ground Armor Level 1  
  87  5:49  Hatchery  
  86  5:50  Drone x2  
  86  5:51  Overlord  
  86  5:53  Overlord  
  88  6:00  Overlord x2  
  88  6:19  Hydralisk x12  
  112  6:26  Zerg Missile Weapons Level 2  
  112  6:29  Overlord x3  
  112  6:41  Hydralisk x3  
  112  6:43  Hydralisk  
  120  6:48  Muscular Augments  
  120  6:52  Drone x3  
  120  6:53  Drone x8  
  131  7:04  Drone x4  
  135  7:12  Overseer x2  
  135  7:15  Drone x3  
  136  7:16  Drone  
  136  7:19  Extractor  
  136  7:20  Extractor  
  136  7:22  Drone x3  
  140  7:25  Hydralisk x7  
  154  7:43  Hatchery  
  153  8:04  Overlord  
  153  8:05  Overlord x4  
  153  8:06  Overlord  
  153  8:17  Infestation Pit  
  154  8:20  Roach x4  
  160  8:44  Hydralisk x20  
  200  9:11  Hive  
  200  9:14  Lurker Den  
  189  9:50  Overlord x2  
  189  9:51  Overlord  
  189  9:52  Overseer x2  
  171  10:08  Drone  
  171  10:09  Drone  
  171  10:13  Roach x16  
  195  10:54  Hatchery  
Tags
 
Add a new tag
Caveats
  • Supply blocks, unpowered buildings, or Contaminate may cause inaccurate times.
  • Supply counts are checked every 10 seconds.